 Dungeon Crawl Stone Soup version 0.21.1-1-g345015fe64 (webtiles) character file.

99 Lothor the Chopper (level 4, -1/35 HPs)
             Began as a Demonspawn Berserker on Mar 21, 2018.
             Was a Believer of Trog.
             Slain by a gnoll
             ... wielding a +0 flail
              (4 damage)
             ... on level 2 of the Dungeon.
             The game lasted 00:07:29 (2035 turns).

Lothor the Chopper (Demonspawn Berserker)           Turns: 2035, Time: 00:07:29

Health: -1/35      AC:  6    Str: 18    XL:     4   Next: 45%
Magic:  4/4        EV: 11    Int:  9    God:    Trog [**....]
Gold:   107        SH:  4    Dex: 12    Spells: 3/3 levels left

rFire    . . .     SeeInvis .   a - +0 hand axe
rCold    . . .     Gourm    .   (no shield)
rNeg     + . .     Faith    .   p - +0 ring mail
rPois    .         Spirit   .   (no helmet)
rElec    .         Reflect  .   (no cloak)
rCorr    .         Harm     .   m - +0 pair of gloves
MR       .....                  (no boots)
Stlth    +.........             (no amulet)
HPRegen  0.11/turn              o - ring of positive energy
MPRegen  0.09/turn              (no ring)

@: no status effects
A: large bone plates 1, powered by pain 1
a: Berserk, Trog's Hand, Burn Spellbooks, Renounce Religion


You were on level 2 of the Dungeon.
You worshipped Trog.
Trog was pleased with you.
You were not hungry.

You visited 1 branch of the dungeon, and saw 2 of its levels.

You collected 107 gold pieces.

Inventory:

Hand Weapons
 a - a +0 hand axe (weapon)
Missiles
 g - 33 sling bullets
 r - 18 arrows
 s - 3 tomahawks (quivered)
Armour
 m - a +0 pair of gloves (worn)
 n - a +0 leather armour
 p - a +0 ring mail (worn)
Jewellery
 o - a ring of positive energy (left hand)
Scrolls
 b - a scroll of immolation {unknown}
 e - 3 scrolls of identify
 j - a scroll of fog {unknown}
 k - 3 scrolls of remove curse {unknown}
 l - 2 scrolls of amnesia {unknown}
 t - a scroll of enchant weapon {unknown}
 u - a scroll of fear {unknown}
Potions
 d - 2 potions of mutation {unknown}
 f - a potion of magic {unknown}
 h - a potion of berserk rage {unknown}
 i - a potion of haste {unknown}
 q - 3 potions of agility {unknown}
Comestibles
 c - 7 rations


   Skills:
 - Level 3.0 Fighting
 + Level 4.8 Axes
 - Level 1.7 Armour
 - Level 1.7 Dodging


You had 3 spell levels left.
You didn't know any spells.

Dungeon Overview and Level Annotations

Branches:
Dungeon (2/15)

Altars:
Hepliaklqana
Okawaru
Xom


Innate Abilities, Weirdness & Mutations

You are partially covered in large bone plates. (SH +4)
You sometimes gain a little power by taking damage.


Message History

The gnoll is moderately wounded.
The gnoll hits you but does no damage.
You closely miss the gnoll.
The gnoll is moderately wounded.
The gnoll hits you with a flail.
You closely miss the gnoll.
The gnoll is moderately wounded.
The gnoll closely misses you.
You hit the gnoll.
The gnoll is heavily wounded.
The gnoll hits you with a flail!
* * * LOW HITPOINT WARNING * * *
You hit the gnoll.
The gnoll is severely wounded.
The gnoll hits you with a flail.
* * * LOW HITPOINT WARNING * * *
You hit the gnoll.
The gnoll is almost dead.
The gnoll hits you with a flail.
You die...

# .. .. .. .#
# #$ #.# # #(
#.# #### #.
#.# .... #.
#.# ####
#.#.#### #.#
.#
#...)g@###.##
>###<
###.##).....#
..... #>
#####..#
.###. #g
#..##### .##
.. #......#
.... ##
####.#.# ....
#.#.# ####
#.# #.#.# #w#
##.#.##


You could see a gnoll.

Vanquished Creatures
  3 gnolls (D:2)
  An adder (D:2)
  A worm (D:2)
  3 dart slugs
  6 leopard geckos
  5 bats
  4 giant cockroaches
  4 goblins
  5 hobgoblins
  3 jackals (D:1)
  3 frilled lizards
  5 kobolds
  3 rats
46 creatures vanquished.

Notes
Turn   | Place    | Note
-------+----------+-------------------------------------------
     0 | D:1      | Lothor the Demonspawn Berserker began the quest for the Orb.
     0 | D:1      | Reached XP level 1. HP: 18/18 MP: 1/1
   100 | D:1      | Reached skill level 3 in Axes
   126 | D:1      | Found an iron altar of Okawaru.
   129 | D:1      | Gained mutation: You sometimes gain a little power by taking damage. [demonic ancestry]
   129 | D:1      | Reached XP level 2. HP: 24/24 MP: 2/2
   878 | D:2      | Gained mutation: You are partially covered in large bone plates. (SH +4) [demonic ancestry]
   878 | D:2      | Reached XP level 3. HP: 28/29 MP: 3/3
   909 | D:2      | Reached ** piety under Trog
   909 | D:2      | Reached skill level 4 in Axes
  1376 | D:2      | Found a shimmering altar of Xom.
  1386 | D:2      | Found a hazy altar of Hepliaklqana.
  1386 | D:2      | Noticed a hell beast
  1390 | D:2      | Noticed a spectral ugly thing
  1390 | D:2      | Noticed a hell beast
  1501 | D:2      | Reached XP level 4. HP: 35/35 MP: 4/4
  2035 | D:2      | Slain by a gnoll

Skill      XL: |  1  2  3 |
---------------+----------+-----
Axes           | 3 4 |  4.8
Fighting       | |  3.0
Armour         | |  1.7
Dodging        | |  1.7

Action                   |  1- 3 |  4- 6 || total
-------------------------+-------+-------++-------
Melee: Hand axe          |   146 |    32 ||   178
Invok: Berserk           |     2 |     1 ||     3
  Use: Scroll            |     1 |       ||     1
 Stab: Sleeping          |     1 |       ||     1
  Eat: Chunk             |     4 |     2 ||     6
Armor: Animal skin       |    10 |       ||    10
       Leather armour    |    17 |       ||    17
       Ring mail         |     8 |     6 ||    14
Dodge: Dodged            |   106 |    10 ||   116
Block: Other             |     5 |     3 ||     8
